 Dungeon Crawl Stone Soup version 0.25.1-9-gc5326a611f (webtiles) character file.

Game seed: 5485264650777594436

121 tkbsonic5 the Skirmisher (level 5, 0/34 HPs)
             Began as a Gargoyle Monk on Nov 29, 2021.
             Slain by a gnoll
             ... wielding a +0 club
              (6 damage)
             ... on level 2 of the Dungeon.
             The game lasted 00:06:01 (2639 turns).

tkbsonic5 the Skirmisher (Gargoyle Monk)            Turns: 2639, Time: 00:06:01

Health: 0/34       AC:  6    Str: 15    XL:     5   Next: 5%
Magic:  5/5        EV: 16    Int:  9    God:
Gold:   58         SH:  0    Dex: 12    Spells: 4/4 levels left

rFire    . . .     SeeInvis .   a - +0 mace
rCold    . . .     Gourm    .   (no shield)
rNeg     + . .     Faith    .   b - +0 robe
rPois    ∞         Spirit   .   (no helmet)
rElec    +         Reflect  .   (no cloak)
rCorr    .         Harm     .   (no gloves)
MR       .....     Clarity  +   (no boots)
Stlth    ++........             (no amulet)
HPRegen  0.11/turn              (no ring)
MPRegen  0.09/turn              (no ring)

@: no status effects
A: repulsion field 2, clarity, dopey 1, negative energy resistance 1,
electricity resistance, unbreathing, petrification resistance, rot immunity, AC
+4
a: no special abilities


You were on level 2 of the Dungeon.
You were not hungry.

You visited 1 branch of the dungeon, and saw 3 of its levels.

You collected 58 gold pieces.

Inventory:

Hand Weapons
 a - a +0 mace (weapon)
 i - a +0 hunting sling
Missiles
 f - 29 sling bullets
Armour
 b - a +0 robe (worn)
Scrolls
 e - 2 scrolls of remove curse
 g - a scroll of enchant armour {unknown}
 k - 2 scrolls of fog
Potions
 h - a potion of magic
 j - a potion of flight
Comestibles
 c - 4 rations


   Skills:
 * Level 4.4 Fighting
 * Level 4.0 Maces & Flails
 + Level 1.3 Throwing
 + Level 2.9 Dodging
 - Level 2.1 Stealth


You had 4 spell levels left.
You didn't know any spells.
Your spell library was empty.

Dungeon Overview and Level Annotations

Branches:
Dungeon (3/15)

Altars:
Trog
Zin


Innate Abilities, Weirdness & Mutations

You are resistant to torment.
Your stone body is resilient. (AC +4)
You are immune to poison.
You resist negative energy. (rN+)
You are resistant to electric shocks. (rElec)
You can survive without breathing.
You are immune to petrification.
You are immune to rotting.
You are surrounded by a moderate repulsion field. (EV +3)
You possess an exceptional clarity of mind.
You are dopey. (Int -2)


Message History

You hit the gnoll.
The gnoll is moderately wounded.
The gnoll hits you with a +0 club.
* * * LOW HITPOINT WARNING * * *
You hit the gnoll but do no damage.
The gnoll is moderately wounded.
The gnoll barely misses you.
You hit the gnoll.
The gnoll is heavily wounded.
The gnoll misses you.
You closely miss the gnoll.
The gnoll is heavily wounded.
The gnoll barely misses you.
You closely miss the gnoll.
The gnoll is heavily wounded.
The gnoll barely misses you.
You hit the gnoll.
The gnoll is severely wounded.
The gnoll completely misses you. The gnoll hits you with a +0 club.
You die...

##############
########............#
###
#........##########)#
#.. #.###..)>g@..#
###.# #.# ##
#.##.....###.# ##.#.#
#.# .######.###....#
#.###.#..# #.#
...............#
#.##.###.## #.#
.#.####.####..##
#.#.## ##.# #.# ....#
#.# #..####.##.###.##
#.. .#..#
#.####.......###.#.##
### .#..#
#.......###### ##.##
.#..# ####.....##
##.# #


You could see a gnoll.

Vanquished Creatures
  Jessica (D:2)
  3 gnolls
  2 adders
  6 worms (D:2)
  2 dart slugs (D:1)
  A leopard gecko (D:2)
  2 goblins
  A hobgoblin (D:2)
  3 kobolds
  3 bats
  5 frilled lizards
  7 rats
36 creatures vanquished.

Notes
Turn   | Place    | Note
-------+----------+-------------------------------------------
     0 | D:1      | tkbsonic5 the Gargoyle Monk began the quest for the Orb.
     0 | D:1      | Reached XP level 1. HP: 14/14 MP: 1/1
   379 | D:1      | Reached XP level 2. HP: 19/19 MP: 2/2
   958 | D:2      | Noticed Jessica
   974 | D:2      | Killed Jessica
   974 | D:2      | Reached XP level 3. HP: 8/24 MP: 3/3
   975 | D:2      | Gained mutation: You are dopey. (Int -2) [potion of
                  | mutation]
   975 | D:2      | Gained mutation: You are surrounded by a mild repulsion
                  | field. (EV +2) [potion of mutation]
   975 | D:2      | Gained mutation: You possess an exceptional clarity of
                  | mind. [potion of mutation]
   975 | D:2      | Gained mutation: You are surrounded by a moderate repulsion
                  | field. (EV +3) [potion of mutation]
   992 | D:2      | Reached skill level 1 in Throwing
  1501 | D:2      | Reached XP level 4. HP: 18/29 MP: 4/4
  1538 | D:2      | Found a glowing silver altar of Zin.
  2087 | D:2      | Noticed a moth of wrath
  2090 | D:2      | Found a bloodstained altar of Trog.
  2630 | D:2      | Reached XP level 5. HP: 14/34 MP: 5/5
  2639 | D:2      | Slain by a gnoll

Illustrated notes

Levels and vault maps discovered:
D:1:      minmay_arrival_split_and_join, layout_basic
D:2:      layout_loops_corners, overflow_temple_1_default, tgw_trog,
          uniq_jessica
D:3:      layout_basic, kiku_gazebo_garden_becter, first_ration

Skill      XL: |  1  2  3  4 |
---------------+-------------+-----
Throwing       | 1 |  1.3
Fighting       | 4 |  4.4
Maces & Flails | 4 |  4.0
Dodging        | |  2.9
Stealth        | |  2.1

Action                   |  1- 3 |  4- 6 || total
-------------------------+-------+-------++-------
Melee: Mace              |    88 |    90 ||   178
  Use: Scroll            |     5 |       ||     5
       Potion            |     3 |       ||     3
 Stab: Sleeping          |     2 |     1 ||     3
  Eat: Chunk             |     2 |     3 ||     5
       Ration            |       |     1 ||     1
Armor: Robe              |    33 |    19 ||    52
Dodge: Dodged            |    48 |    82 ||   130
